 Dungeon Crawl Stone Soup version 0.26.1-11-gd32895ea62 (webtiles) character file.

Game seed: 7821974825932745544

144631 Elleran the Imperceptible (level 16, -4/85 HPs)
             Began as a Spriggan Enchanter on May 5, 2021.
             Was the Champion of Ashenzari.
             Slain by a four-headed hydra (7 damage)
             ... on level 4 of the Swamp on May 7, 2021.
             The game lasted 02:58:23 (49383 turns).

Elleran the Imperceptible (Spriggan Enchanter)     Turns: 49383, Time: 02:58:23

Health: -4/85      AC: 14    Str:  7    XL:     16   Next: 85%
Magic:  16/34      EV: 27    Int: 17    God:    Ashenzari [******]
Gold:   189        SH: 17    Dex: 21    Spells: 13/42 levels left

rFire    . . .     SeeInvis +   a - +9 dagger (elec) (curse)
rCold    + . .     Faith    .   c - +3 buckler (curse)
rNeg     + . .     Spirit   .   m - quicksilver dragon scales (curse)
rPois    +         Reflect  +   (helmet restricted)
rElec    +         Harm     .   v - +2 ratskin cloak {*Rats rPois rN+ Str-1 Int-1 Dex+1} (curse)
rCorr    .         Rampage  .   (gloves unavailable)
Will     +++..     Clarity  +   (boots unavailable)
Stlth    ++++++++..             w - amulet of reflection (curse)
HPRegen  0.24/turn              T - ring of protection from cold
MPRegen  0.24/turn              L - +6 ring of strength (curse)

@: confusing touch, very quick
A: very small, unfitting armour, antennae 1, talons 1, see invisible, speed 3,
screaming 1, electricity resistance, weak 2
a: Renounce Religion, Curse Item, Scrying, Transfer Knowledge


You were on level 4 of the Swamp.
You worshipped Ashenzari.
Ashenzari was exalted by your worship.
You visited 6 branches of the dungeon, and saw 29 of its levels.
You also visited: Ice Cave.

You collected 3450 gold pieces.
You spent 3261 gold pieces at shops.

Inventory:

Hand Weapons
 a - a cursed +9 dagger of electrocution (weapon)
Missiles
 i - 20 curare-tipped darts
 k - 3 atropa-tipped darts
 y - 3 throwing nets
 z - 138 poisoned darts (quivered)
Armour
 c - a cursed +3 buckler (worn)
 m - cursed quicksilver dragon scales (worn)
 v - the cursed +2 ratskin cloak (worn) {*Rats rPois rN+ Str-1 Int-1 Dex+1}
   (You found it on level 5 of the Dungeon)

   It affects your strength (-1).
   It affects your intelligence (-1).
   It affects your dexterity (+1).
   It protects you from poison.
   It protects you from negative energy.
   It has a curse placed upon it.
Jewellery
 w - a cursed amulet of reflection (around neck)
 B - an uncursed ring of ice
 F - an uncursed ring of resist corrosion
 J - an uncursed amulet of the acrobat
 L - a cursed +6 ring of strength (right hand)
 T - a ring of protection from cold (left hand)
 Z - an uncursed ring of protection from fire
Wands
 d - a wand of paralysis (6)
 f - a wand of disintegration (25)
 o - a wand of random effects (32)
 q - a wand of acid (4)
 s - a wand of polymorph (8)
 K - a wand of iceblast (46)
 O - a wand of digging (5)
 U - a wand of enslavement (17)
 V - a wand of flame (59)
Scrolls
 b - 10 scrolls of teleportation
 e - 2 scrolls of summoning
 l - 3 scrolls of immolation
 n - 7 scrolls of blinking
 r - 2 scrolls of magic mapping
 t - 4 scrolls of amnesia
 u - 4 scrolls of fog
 x - 4 scrolls of fear
 E - 7 scrolls of remove curse
 G - 15 scrolls of identify
 M - 3 scrolls of vulnerability
 Q - 2 scrolls of torment
Potions
 g - 2 potions of might
 h - 13 potions of curing
 j - 5 potions of heal wounds
 A - 6 potions of brilliance
 C - a potion of resistance
 D - a potion of magic
 I - a potion of haste
 P - 2 potions of flight
 R - a potion of cancellation
 S - 2 potions of lignification
 W - 2 potions of ambrosia
Miscellaneous
 p - a lightning rod (4/4)
 H - a phantom mirror


   Skills:
 - Level 10.0 Fighting
 - Level 10.0(14.2) Short Blades
 + Level 2.3(4.7) Armour
 + Level 13.1(15.7) Dodging
 + Level 21.5 Stealth
 - Level 6.1(9.2) Shields
 + Level 13.6 Spellcasting
 + Level 13.1(15.7) Hexes
 - Level 2.0(4.3) Translocations
 - Level 5.5(8.5) Transmutations
 - Level 2.0(4.2) Ice Magic
 - Level 2.5(5.0) Air Magic
 - Level 1.2(3.1) Earth Magic
 - Level 12.3(15.0) Evocations


You had 13 spell levels left.
You knew the following spells:

 Your Spells              Type           Power        Failure   Level
a - Corona                Hex            66%          1%          1
b - Blade Hands           Tmut           20%          16%         5
g - Petrify               Tmut/Erth      31%          16%         4
h - Dazzling Flash        Conj/Hex       78%          1%          3
i - Invisibility          Hex            60%          4%          6
t - Tukima's Dance        Hex            60%          1%          3
u - Confusing Touch       Hex            60%          1%          3
w - Swiftness             Air            28%          3%          2
z - Ensorcelled Hibernat  Hex/Ice        90%          1%          2

Your spell library contained the following spells:

 Spells                   Type           Power        Failure   Level
 Beastly Appendage        Tmut           80%          1%          1
 Wereblood                Tmut           40%          1%          2
 Inner Flame              Hex/Fire       39%          1%          3
 Cause Fear               Hex            30%          1%          4
 Apportation              Tloc           52%          3%          1
 Yara's Violent Unravell  Hex/Tmut       26%          3%          5
 Shock                    Conj/Air       80%          6%          1
 Silence                  Hex/Air        23%          7%          5
 Poisonous Vapours        Pois/Air       40%          9%          2
 Spider Form              Tmut/Pois      13%          9%          3
 Metabolic Englaciation   Hex/Ice        22%          9%          5
 Gell's Gravitas          Tloc           13%          10%         3
 Lesser Beckoning         Tloc           13%          10%         3
 Ice Form                 Ice/Tmut       33%          13%         4
 Animate Skeleton         Necr           24%          16%         1
 Foxfire                  Conj/Fire      52%          16%         1
 Pain                     Necr           48%          16%         1
 Summon Small Mammal      Summ           52%          16%         1
 Ignite Poison            Fire/Tmut/Pois 22%          16%         3
 Static Discharge         Conj/Air       20%          19%         3
 Airstrike                Air            14%          22%         4
 Mephitic Cloud           Conj/Pois/Air  18%          24%         3
 Conjure Flame            Conj/Fire      13%          43%         3
 Vampiric Draining        Necr           6%           43%         3
 Alistair's Intoxication  Tmut/Pois      17%          63%         5
 Animate Dead             Necr           6%           83%         4
 Sticky Flame             Conj/Fire      13%          83%         4
 Lightning Bolt           Conj/Air       10%          86%         5
 Discord                  Hex            30%          88%         8
 Statue Form              Tmut/Erth      20%          94%         6
 Agony                    Necr           12%          99%         5
 Fireball                 Conj/Fire      6%           99%         5
 Eringya's Noxious Bog    Tmut/Pois      13%          99%         6
 Freezing Cloud           Conj/Ice/Air   11%          100%        6


Dungeon Overview and Level Annotations

Branches:
Dungeon (15/15)            Temple (1/1) D:7            Lair (6/6) D:9
  Swamp (4/4) Lair:3        Snake (1/4) Lair:2        Slime (0/5) Lair:6
    Orc (2/2) D:10            Elf (0/3) Orc:2        Vaults (0/5) D:14
 Depths (0/5) D:15          IceCv (visited)

Altars:
Ashenzari
Cheibriados
Dithmenos
Elyvilon
Fedhas
Gozag
Hepliaklqana
Kikubaaqudgha
Makhleb
Nemelex Xobeh
Okawaru
Qazlal
Ru
Sif Muna
Trog
Uskayaw
Vehumet
Wu Jian
Xom
Yredelemnul
Zin
The Shining One
Beogh

Shops:
D:4 (   D:5 (   D:7 ?   D:9 ?   D:14 *   Orc:2 (!}[

Annotations:
Swamp:4 2 transporters, Gokhumny's ghost, adept GnFi


Innate Abilities, Weirdness & Mutations

You are very small and have problems with some larger weapons.
You are too small for most types of armour.
You have supernaturally acute eyesight. (SInv)
You cover ground extremely quickly.
You have a pair of small antennae on your head.
You have sharp toenails.
You occasionally shout uncontrollably at your foes.
You are resistant to electric shocks. (rElec)
You are very weak. (Str -4)


Message History

Unknown command.
Unknown command.
Casting: Confusing Touch (safe; 1% risk of failure)
Confirm with . or Enter, or press ? or * to list all spells.
Your hands begin to glow red.
The shambling mangrove seems less confused.
You block the bog body's attack. The four-headed hydra bites you.
You block the four-headed hydra's attack. x2
The four-headed hydra misses you.
You hit the four-headed hydra but do no damage.
Your hell rat closely misses the four-headed hydra.
The bog body touches you!
* * * LOW HITPOINT WARNING * * *
The bog body freezes you! You resist.
* * * LOW HITPOINT WARNING * * *
The four-headed hydra completely misses you.
The four-headed hydra closely misses you.
You block the four-headed hydra's attack.
The four-headed hydra bites you!
You die...

≈≈≈♣≈.≈.♣.≈...............≈≈≈≈..♣
§≈≈♣≈..♣♣♣<≈≈≈...♣.≈≈≈≈≈≈≈.≈≈≈♣♣♣
♣♣♣≈...♣ ♣♣.≈...≈≈≈≈≈≈≈≈≈..§≈♣♣ ♣
♣.≈≈≈♣ ♣♣♣♣♣♣♣..♣≈♣♣♣≈♣♣♣♣♣♣
♣♣...♣ ♣≈♣♣♣♣♣♣♣♣♣♣ ♣♣♣ ♣♣♣♣♣♣♣
♣≈.≈♣ ####** ** ♣♣≈≈♣♣ ♣♣♣≈≈♣♣
##≈..♣§≈,,≈ ♣.≈≈≈♣♣ ♣.≈.≈♣
#####..≈.≈≈≈, ≈ * ≈.≈≈≈.♣♣♣.≈≈♣♣
#@†f..≈# ≈≈, ,, ≈≈≈≈≈≈≈..≈≈♣♣
#nDr#[.≈#*≈≈ *,≈ , ≈≈§.♣♣.≈≈≈≈§♣
#≈(##..## , * ≈≈..♣♣.≈≈≈≈♣♣
#...#≈≈#∆≈,, , *..* ≈≈.≈≈.≈≈≈...♣
##..#.≈##≈≈ ≈*#≈.* ≈≈≈≈≈≈≈§≈..♣♣
#≈≈##≈≈##∆∆∆ #≈≈# ≈§.≈≈≈≈≈≈≈.♣
#.≈.##.≈#####≈.#* ≈≈≈≈.[≈≈≈≈.♣ *
♣.≈≈,##...♣.≈.# ..≈≈≈♣..≈.♣♣ * ,
{ ##≈.≈≈≈#* ≈,


You could see a shambling mangrove, a four-headed hydra, a bog body and a
friendly hell rat.

Vanquished Creatures
  Roxanne (D:15)
  Agnes (D:15)
  Donald (Orc:2)
  Louise (D:14)
  A stone giant (Orc:1)
  Nessos (Lair:4)
  Azrael (Orc:1)
  2 bunyips
  2 eleionomae
  Josephine (D:15)
  A shambling mangrove (Swamp:4)
  2 ice dragons (IceCv)
  Fannar (D:10)
  18 hydras
  4 vault guards (D:14)
  4 boulder beetles
  A ghost crab (Swamp:4)
  A rakshasa (D:15)
  3 centaur warriors (D:15)
  A catoblepas (Lair:6)
  An anaconda (D:14)
  6 two-headed ogres
  A deep troll shaman (Lair:6)
  7 alligators
  13 death yaks
  A spriggan berserker (Swamp:4)
  4 ogre magi
  Urug (Lair:3)
  A shock serpent (Snake:1)
  2 unseen horrors (D:12)
  3 spriggan druids
  3 goliath frogs
  A deep troll (shapeshifter) (D:15)
  5 bog bodies (Swamp:4)
  12 swamp dragons
  A wizard (D:14)
  An orc knight (Orc:2)
  11 ugly things
  2 will-o-the-wisps
  5 manticores
  3 cyclopes
  3 shining eyes (D:14)
  8 orc sorcerers (Orc:2)
  3 oklob plants (Lair:6)
  17 elephants
  A salamander (D:15)
  4 centaur skeletons
  Maurice (D:8)
  4 centaur zombies
  2 ice statues (IceCv)
  3 black mambas
  13 cane toads
  Psyche (D:9)
  Joseph (D:7)
  4 rime drakes
  An efreet (D:15)
  A kobold demonologist (D:14)
  8 komodo dragons
  3 yaktaurs (D:15)
  A redback zombie (D:15)
  A freezing wraith (D:14)
  5 trolls
  A polar bear (shapeshifter) (D:15)
  4 hornets
  A harpy skeleton (D:12)
  7 blink frogs
  Grinder (D:4)
  9 slime creatures
  11 tyrant leeches
  A meliai zombie (D:13)
  Sigmund (D:4)
  4 spriggans
  A shadow (D:7)
  8 wraiths
  5 wyverns
  52 yaks
  5 basilisks
  3 fire elementals (Orc:1)
  15 vampire mosquitoes
  A warg (Orc:1)
  10 swamp worms
  4 nagas (Lair:2)
  2 soldier ants
  The ghost of Descartes the Magician, an amateur DEWz (D:4)
  16 water moccasins
  Duvessa (D:4)
  2 hell hounds (Orc:2)
  16 ice beasts
  18 orc warriors
  3 sky beasts
  3 phantoms
  6 swamp drakes
  4 necrophages (D:8)
  A black bear (Lair:6)
  11 wolves
  16 ogres
  14 centaurs
  2 big kobolds
  25 bullfrogs
  A gnoll sergeant (D:12)
  Dowan (D:4)
  3 scorpions
  A water moccasin skeleton (D:4)
  12 killer bees
  6 wights
  2 electric eels
  6 howler monkeys
  4 bullfrog zombies
  A quasit (D:13)
  A bullfrog skeleton (D:8)
  11 hounds
  15 orc priests
  6 iguanas
  8 jellies
  8 worker ants
  Natasha (thrice) (D:2)
  30 orc wizards
  2 hell rats
  5 hound skeletons
  3 mummies (D:8)
  Robin (D:4)
  5 gnolls (D:4)
  15 adders
  7 river rats
  2 shadow imps
  3 white imps
  3 ufetubi
  2 oozes
  An adder skeleton (D:4)
  6 worms
  5 dart slugs
  6 leopard geckos
  71 orcs
  7 giant cockroaches
  23 goblins
  11 hobgoblins
  11 jackals
  5 quokkas
  A ball python (D:1)
  7 bats
  A frilled lizard (D:1)
  24 kobolds
  A leopard gecko zombie (D:8)
  A quokka skeleton (D:5)
  34 rats
  A butterfly (Lair:4)
885 creatures vanquished.

Vanquished Creatures (collateral kills)
  A thorn hunter (Swamp:4)
  An alligator (Swamp:1)
  A death yak (Lair:3)
  A vampire mosquito (Swamp:1)
  A swamp worm (Swamp:2)
  An ogre (Orc:2)
  3 wights
  2 orcs
11 creatures vanquished.

Vanquished Creatures (others)
  3 dancing weapons
  A fire elemental (Orc:1)
  A vampire mosquito (D:15)
  3 orc wizards (Orc:2)
  22 foxfires
  34 fungi
  43 plants
  3 withered plants (D:8)
110 creatures vanquished.

Grand Total: 1006 creatures vanquished

Notes
Turn   | Place    | Note
-------+----------+-------------------------------------------
     0 | D:1      | Elleran the Spriggan Enchanter began the quest for the Orb.
     0 | D:1      | Reached XP level 1. HP: 9/9 MP: 5/5
   453 | D:1      | Reached XP level 2. HP: 12/13 MP: 3/6
   468 | D:1      | Learned a level 2 spell: Ensorcelled Hibernation
   541 | D:1      | Reached skill level 5 in Stealth
  1016 | D:1      | Reached XP level 3. HP: 16/16 MP: 0/8
  1020 | D:1      | Learned a level 3 spell: Confusing Touch
  1463 | D:2      | Found a faded altar of an unknown god.
  2263 | D:2      | Found a shimmering blue altar of Sif Muna.
  2270 | D:2      | Found an iron altar of Okawaru.
  2581 | D:2      | Noticed Natasha
  3021 | D:2      | Found a broken altar of Ashenzari.
  3023 | D:2      | Found a basalt altar of Yredelemnul.
  3171 | D:3      | Reached skill level 1 in Ice Magic
  3171 | D:3      | Reached XP level 4. HP: 19/21 MP: 6/9
  3490 | D:3      | Found a blossoming altar of Fedhas.
  3848 | D:3      | Learned a level 3 spell: Tukima's Dance
  3901 | D:3      | Reached skill level 1 in Evocations
  3901 | D:3      | Reached XP level 5. HP: 25/25 MP: 7/10
  4434 | D:3      | Reached skill level 5 in Hexes
  5306 | D:2      | Became a worshipper of Ashenzari the Shackled
  5335 | D:4      | Identified the +6 chain mail of Unreason {*Slow rN+ Int+2}
  5340 | D:4      | Found a runed translucent door.
  5343 | D:4      | Noticed Descartes's ghost (amateur DEWz)
  5360 | D:4      | Killed Descartes's ghost
  5361 | D:4      | Reached skill level 6 in Stealth
  5361 | D:4      | Reached XP level 6. HP: 22/29 MP: 8/12
  6119 | D:4      | Reached XP level 7. HP: 32/32 MP: 11/14
  6215 | D:4      | Reached skill level 1 in Fighting
  6230 | D:4      | Noticed Sigmund
  6254 | D:4      | Killed Sigmund
  6255 | D:4      | Reached skill level 7 in Stealth
  6497 | D:4      | Noticed Grinder
  6513 | D:4      | Killed Grinder
  6514 | D:4      | Reached XP level 8. HP: 32/39 MP: 13/16
  6754 | D:4      | Found Fidiecw's Weapon Emporium.
  6761 | D:4      | Reached skill level 5 in Spellcasting
  6777 | D:4      | Noticed Duvessa
  6777 | D:4      | Noticed Dowan
  6782 | D:4      | Killed Duvessa
  6784 | D:4      | Killed Dowan
  6785 | D:4      | Reached skill level 5 in Dodging
  7025 | D:4      | Noticed Robin
  7165 | D:4      | Killed Robin
  7592 | D:5      | Entered Level 5 of the Dungeon
  7635 | D:4      | Reached skill level 8 in Stealth
  8180 | D:4      | Found Fidiecw's Weapon Emporium.
  8704 | D:5      | Found a hide-covered altar of Uskayaw.
  8757 | D:5      | Found Yrro's Antique Weapon Boutique.
  9705 | D:5      | Reached skill level 5 in Evocations
  9777 | D:5      | Learned a level 3 spell: Dazzling Flash
  9870 | D:5      | Found the +2 ratskin cloak {*Rats rPois rN+ Str-1 Int-1
                  | Dex+1}
 10441 | D:6      | Reached skill level 9 in Stealth
 10449 | D:6      | Reached XP level 9. HP: 44/44 MP: 15/19
 10498 | D:6      | Found a blossoming altar of Fedhas.
 10599 | D:6      | Reached * piety under Ashenzari
 10832 | D:6      | Found a hazy altar of Hepliaklqana.
 11239 | D:6      | Reached skill level 5 in Short Blades
 11690 | D:7      | Found Haynkoni's Magic Scroll Emporium.
 11700 | D:7      | Bought a scroll of summoning for 114 gold pieces
 11700 | D:7      | Bought a scroll of magic mapping for 42 gold pieces
 11700 | D:7      | Bought a scroll of remove curse for 36 gold pieces
 11700 | D:7      | Bought a scroll of remove curse for 36 gold pieces
 11700 | D:7      | Bought a scroll of remove curse for 36 gold pieces
 11700 | D:7      | Bought a scroll of remove curse for 36 gold pieces
 11700 | D:7      | Bought a scroll of blinking for 90 gold pieces
 11700 | D:7      | Bought a scroll of identify for 24 gold pieces
 11754 | D:7      | Found a glowing golden altar of the Shining One.
 12087 | D:7      | Noticed Joseph
 12440 | D:7      | Reached ** piety under Ashenzari
 12455 | D:7      | Reached skill level 10 in Stealth
 12703 | D:7      | Found a staircase to the Ecumenical Temple.
 12709 | Temple   | Entered the Ecumenical Temple
 13158 | D:7      | Found a glowing golden altar of the Shining One.
 13172 | D:7      | Found Haynkoni's Magic Scroll Emporium.
 13356 | D:7      | Killed Joseph
 13755 | D:2      | Found a shimmering blue altar of Sif Muna.
 13757 | D:2      | Found an iron altar of Okawaru.
 13996 | D:2      | Killed Natasha
 14035 | D:2      | Found a faded altar of an unknown god.
 14281 | D:2      | Found a broken altar of Ashenzari.
 14283 | D:2      | Found a basalt altar of Yredelemnul.
 14293 | D:2      | Noticed Natasha
 14622 | D:2      | Found a faded altar of an unknown god.
 15143 | D:2      | Found a shimmering blue altar of Sif Muna.
 15145 | D:2      | Found an iron altar of Okawaru.
 15241 | D:2      | Found a broken altar of Ashenzari.
 15243 | D:2      | Found a basalt altar of Yredelemnul.
 15703 | D:2      | Found a shimmering blue altar of Sif Muna.
 15705 | D:2      | Found an iron altar of Okawaru.
 16090 | D:2      | Found a broken altar of Ashenzari.
 16092 | D:2      | Found a basalt altar of Yredelemnul.
 16189 | D:2      | Killed Natasha
 16227 | D:2      | Found a shimmering blue altar of Sif Muna.
 16229 | D:2      | Noticed Natasha
 16234 | D:2      | Killed Natasha
 16619 | D:8      | Gained mutation: You are dopey. (Int -2) [potion of
                  | mutation]
 16619 | D:8      | Gained mutation: Your natural rate of healing is unusually
                  | fast. [potion of mutation]
 16802 | D:7      | Reached skill level 11 in Stealth
 16942 | D:8      | Noticed Maurice
 16946 | D:8      | Killed Maurice
 16947 | D:8      | Reached XP level 10. HP: 51/51 MP: 14/22
 17370 | D:8      | Reached skill level 5 in Fighting
 18600 | D:9      | Found a stormy altar of Qazlal.
 18752 | D:9      | Noticed Psyche
 18759 | D:9      | Killed Psyche
 18764 | D:9      | Reached skill level 12 in Stealth
 18772 | D:9      | Reached *** piety under Ashenzari
 19134 | D:9      | Noticed a death yak
 19136 | D:9      | Found a staircase to the Lair.
 19138 | D:9      | Noticed a death yak
 19138 | D:9      | Noticed a death yak
 19244 | D:9      | Killed a death yak
 19413 | D:9      | Found Jyrghyici's Magic Scroll Shoppe.
 19444 | D:9      | Bought a scroll of blinking for 90 gold pieces
 19444 | D:9      | Bought a scroll of random uselessness for 12 gold pieces
 19560 | D:9      | Reached skill level 13 in Stealth
 20129 | D:9      | Found a staircase to the Lair.
 20210 | D:9      | Found Jyrghyici's Magic Scroll Shoppe.
 20364 | D:9      | Killed a death yak
 20365 | D:9      | Reached skill level 14 in Stealth
 20365 | D:9      | Reached XP level 11. HP: 50/55 MP: 15/24
 20366 | D:9      | Killed a death yak
 20498 | D:9      | Found a stormy altar of Qazlal.
 20850 | D:10     | Entered Level 10 of the Dungeon
 20986 | D:10     | Noticed Fannar
 20993 | D:10     | Killed Fannar
 20994 | D:10     | Reached skill level 15 in Stealth
 21187 | D:10     | Reached **** piety under Ashenzari
 21246 | D:10     | Found a staircase to the Orcish Mines.
 21974 | D:11     | Reached skill level 1 in Translocations
 22214 | D:11     | Noticed a boulder beetle
 22223 | D:11     | Killed a boulder beetle
 22254 | D:11     | Noticed a green ugly thing
 22258 | D:11     | Killed a green ugly thing
 22259 | D:11     | Reached skill level 16 in Stealth
 22385 | D:11     | Noticed a two-headed ogre
 22392 | D:11     | Killed a two-headed ogre
 23160 | D:12     | Noticed an unseen horror
 23163 | D:12     | Killed an unseen horror
 23442 | D:12     | Noticed an unseen horror
 23457 | D:12     | Killed an unseen horror
 23458 | D:12     | Reached skill level 1 in Shields
 23458 | D:12     | Reached XP level 12. HP: 29/60 MP: 20/26
 23557 | D:12     | Reached ***** piety under Ashenzari
 23916 | D:9      | Bought a scroll of enchant weapon for 90 gold pieces
 23916 | D:9      | Bought a scroll of teleportation for 36 gold pieces
 23916 | D:9      | Bought a scroll of teleportation for 36 gold pieces
 23916 | D:9      | Bought a scroll of teleportation for 36 gold pieces
 23916 | D:9      | Bought a scroll of remove curse for 36 gold pieces
 23938 | Lair:1   | Entered Level 1 of the Lair of Beasts
 25834 | Lair:2   | Found a staircase to the Snake Pit.
 25837 | Lair:2   | Noticed an eight-headed hydra
 25873 | Lair:2   | Killed an eight-headed hydra
 26903 | Lair:3   | Noticed a death yak
 26903 | Lair:3   | Noticed a death yak
 26903 | Lair:3   | Noticed a death yak
 26903 | Lair:3   | Noticed a death yak
 26903 | Lair:3   | Noticed a death yak
 26905 | Lair:3   | Noticed a death yak
 27010 | Lair:3   | Reached skill level 17 in Stealth
 27023 | Lair:3   | Learned a level 2 spell: Swiftness
 27071 | Lair:3   | Killed a death yak
 27083 | Lair:3   | Killed a death yak
 27167 | Snake:1  | Entered Level 1 of the Snake Pit
 27299 | Lair:3   | Killed a death yak
 27306 | Lair:3   | Killed a death yak
 27332 | Lair:3   | Killed a death yak
 27407 | Lair:3   | Killed a death yak
 27408 | Lair:3   | Reached XP level 13. HP: 65/65 MP: 27/27
 27874 | Lair:3   | Found a staircase to the Swamp.
 27959 | Lair:3   | Reached skill level 10 in Spellcasting
 27965 | Lair:3   | Noticed Urug
 28011 | Lair:3   | Killed Urug
 28684 | Lair:4   | Noticed Nessos
 28691 | Lair:4   | Killed Nessos
 29620 | Lair:5   | Found a sacrificial altar of Ru.
 29721 | Lair:4   | Reached skill level 5 in Shields
 29948 | Lair:5   | Reached skill level 10 in Evocations
 30117 | Lair:5   | Reached skill level 10 in Short Blades
 30386 | Lair:5   | Reached skill level 10 in Dodging
 30395 | Lair:5   | Reached ****** piety under Ashenzari
 30772 | Lair:5   | Found a sacrificial altar of Ru.
 31000 | Lair:6   | Entered Level 6 of the Lair of Beasts
 31989 | Lair:6   | Reached skill level 18 in Stealth
 31998 | Lair:6   | Reached XP level 14. HP: 71/72 MP: 11/29
 32290 | Lair:6   | Found a staircase to the Slime Pits.
 34002 | D:13     | Found a snail-covered altar of Cheibriados.
 34305 | D:14     | Found Piddaf Boose's Changing Room.
 34314 | D:14     | Bought a book of Changes for 375 gold pieces
 34320 | D:14     | Learned a level 5 spell: Blade Hands
 34392 | D:14     | Reached skill level 19 in Stealth
 34392 | D:14     | Reached skill level 1 in Transmutations
 34445 | D:14     | Found a gate to the Vaults.
 34820 | D:14     | Gained mutation: Your magical capacity is low. (-10% MP) [a
                  | shining eye]
 34827 | D:14     | Gained mutation: You are very dopey. (Int -4) [a shining
                  | eye]
 34827 | D:14     | Gained mutation: You have a pair of small horns on your
                  | head. [a shining eye]
 34830 | D:14     | Gained mutation: Armour fits poorly on your strangely
                  | shaped body. [a shining eye]
 34836 | D:14     | Gained mutation: You are frail. (-10% HP) [a shining eye]
 34837 | D:14     | Gained mutation: You occasionally shout uncontrollably at
                  | your foes. [a shining eye]
 34837 | D:14     | Gained mutation: You are weak. (Str -2) [a shining eye]
 34841 | D:14     | Lost strength.
 34841 | D:14     | Gained mutation: You are very weak. (Str -4) [a shining
                  | eye]
 34842 | D:14     | Lost mutation: You are frail. (-10% HP) [a shining eye]
 34844 | D:14     | Gained mutation: Potions are less effective at restoring
                  | your health. [a shining eye]
 34845 | D:14     | Gained mutation: You are clumsy. (Dex -2) [a shining eye]
 34845 | D:14     | Lost mutation: Your natural rate of healing is unusually
                  | fast. [a shining eye]
 34908 | D:14     | Bought 2 potions of mutation for 240 gold pieces
 34908 | D:14     | Lost mutation: Your magical capacity is low. (-10% MP)
                  | [potion of mutation]
 34908 | D:14     | Lost mutation: You are very dopey. (Int -4) [potion of
                  | mutation]
 34908 | D:14     | Lost mutation: You have a pair of small horns on your head.
                  | [potion of mutation]
 34908 | D:14     | Lost mutation: You occasionally shout uncontrollably at
                  | your foes. [potion of mutation]
 34908 | D:14     | Gained mutation: You are resistant to electric shocks.
                  | (rElec) [potion of mutation]
 34908 | D:14     | Gained mutation: You have a pair of small antennae on your
                  | head. [potion of mutation]
 34908 | D:14     | Gained mutation: You are surrounded by a mild repulsion
                  | field. (EV +2) [potion of mutation]
 34909 | D:14     | Lost mutation: You have a pair of small antennae on your
                  | head. [potion of mutation]
 34909 | D:14     | Lost mutation: You are dopey. (Int -2) [potion of mutation]
 34909 | D:14     | Lost mutation: You are clumsy. (Dex -2) [potion of
                  | mutation]
 34909 | D:14     | Gained mutation: You have a pair of small antennae on your
                  | head. [potion of mutation]
 35036 | D:14     | Noticed Louise
 35039 | D:14     | Reached skill level 10 in Hexes
 35081 | D:14     | Killed Louise
 35684 | D:14     | Reached XP level 15. HP: 79/79 MP: 30/30
 35959 | D:15     | Entered Level 15 of the Dungeon
 36380 | D:15     | Noticed Agnes
 36422 | D:15     | Identified Roxanne's Catalogue of Changing
 36422 | D:15     | Noticed Roxanne
 36480 | D:15     | Reached skill level 5 in Transmutations
 36623 | D:15     | Found a staircase to the Depths.
 36740 | D:15     | Lost mutation: You are surrounded by a mild repulsion
                  | field. (EV +2) [potion of mutation]
 36740 | D:15     | Lost mutation: Armour fits poorly on your strangely shaped
                  | body. [potion of mutation]
 36740 | D:15     | Lost mutation: Potions are less effective at restoring your
                  | health. [potion of mutation]
 36740 | D:15     | Gained mutation: You occasionally shout uncontrollably at
                  | your foes. [potion of mutation]
 36740 | D:15     | Gained mutation: You have sharp toenails. [potion of
                  | mutation]
 36777 | D:15     | Killed Agnes
 37117 | D:15     | Learned a level 6 spell: Invisibility
 37381 | D:15     | Killed Roxanne
 37453 | D:15     | Noticed Josephine
 37462 | D:15     | Killed Josephine
 37466 | D:15     | Reached skill level 20 in Stealth
 38152 | D:14     | Found a gate to the Vaults.
 38198 | D:14     | Found Piddaf Boose's Changing Room.
 38986 | D:15     | Found a staircase to the Depths.
 39581 | D:7      | Bought a scroll of enchant weapon for 90 gold pieces
 39581 | D:7      | Bought a scroll of enchant weapon for 90 gold pieces
 39581 | D:7      | Bought a scroll of teleportation for 36 gold pieces
 39704 | Orc:1    | Entered Level 1 of the Orcish Mines
 39743 | Orc:1    | Found a frozen archway.
 39753 | IceCv    | Entered an ice cave
 40640 | Orc:1    | Learned a level 4 spell: Petrify
 40749 | Orc:1    | Found a roughly hewn altar of Beogh.
 40938 | Orc:2    | Entered Level 2 of the Orcish Mines
 41143 | Orc:2    | Noticed Donald
 41154 | Orc:2    | Killed Donald
 41307 | Orc:2    | Reached skill level 10 in Fighting
 41773 | Orc:2    | Found a staircase to the Elven Halls.
 41777 | Orc:2    | Noticed Azrael
 41851 | Orc:1    | Killed Azrael
 42610 | Orc:2    | Found Tiynotun's Antique Armour Shoppe.
 42646 | Orc:2    | Found a radiant altar of Vehumet.
 42727 | Orc:2    | Found Ruco's Gadget Emporium.
 42740 | Orc:2    | Reached XP level 16. HP: 76/85 MP: 31/33
 42755 | Orc:2    | Found an ancient bone altar of Kikubaaqudgha.
 42855 | Orc:2    | Found a roughly hewn altar of Beogh.
 42855 | Orc:2    | Found Soci Urergh's Distillery.
 42871 | Orc:2    | Found Qalifete's Antique Weapon Shoppe.
 43447 | Swamp:1  | Entered Level 1 of the Swamp
 44155 | Orc:2    | Bought quicksilver dragon scales for 1680 gold pieces
 44467 | Swamp:1  | Reached skill level 1 in Air Magic
 45211 | Swamp:1  | Reached skill level 1 in Earth Magic
 45781 | Swamp:2  | Reached skill level 21 in Stealth
 47063 | Swamp:4  | Entered Level 4 of the Swamp
 47089 | Swamp:4  | Found a transporter.
 47353 | Swamp:4  | Noticed a thorn hunter
 47393 | Swamp:4  | Killed a thorn hunter
 47983 | Swamp:4  | Reached skill level 1 in Armour
 49020 | Swamp:4  | Found a transporter.
 49055 | Swamp:4  | Noticed Gokhumny's ghost (adept GnFi)
 49383 | Swamp:4  | HP: 3/85 [bog body (14)]
 49383 | Swamp:4  | Slain by a four-headed hydra

Illustrated notes

Levels and vault maps discovered:
D:1:      lightli_arrival_flooded_house, layout_basic
D:2:      layout_loops_corners, nicolae_overflow_hidden_temple,
          chequers_ecumenical_altar_island, chequers_serial_rivers_marsh,
          uniq_natasha
D:3:      minmay_bubble_buster, layout_loops_ring, fedhas_altar_1
D:4:      cheibrodos_barr_body, layout_basic, serial_shops, nicolae_shop_stone,
          ebering_ghost_inner_flame, uniq_grinder, uniq_robin, uniq_sigmund,
          uniq_duvessa
D:5:      wander_guarded_unrand_ratskin, layout_basic,
          eat_drink_and_be_merry_uskayaw, serial_shops, nicolae_shop_stone,
          kennysheep_diamond
D:6:      layout_layer_cave, nzn_hepliaklqana_mist_gate, lemuel_altar_in_water
D:7:      layout_basic, tso_oasis_becter, minmay_temple_entry_statues_pillars,
          serial_shops, shop, uniq_joseph
D:8:      layout_gridville, serial_undead, serial_undead_f, serial_undead_c,
          serial_undead_f, serial_undead_a, serial_undead_d, serial_undead_c,
          serial_undead_b, uniq_maurice
D:9:      layout_stronghold, dpeg_lair_monsters, serial_shops, shop,
          nicolae_qazlal_style_of_elements, uniq_psyche
D:10:     layout_roguey, orc_0_dummy, moated_statue, uniq_fannar
D:11:     layout_basic
D:12:     layout_roguey, kennysheep_small_circle
D:13:     layout_stronghold, basic_altar
D:14:     layout_stronghold, lightli_vaults_fourway_checkpoint,
          serial_bayou_pond_b, nicolae_transmutations_shop, st_stairs_9,
          uniq_louise
D:15:     hangedman_depths_entry_try_elsewhere_first, layout_stronghold,
          hangedman_decor_push, uniq_josephine, uniq_roxanne, uniq_agnes
Temple:   eino_narrow_crystal_temple
Lair:1:   layout_loops_ring, guppyfry_lair_drakes
Lair:2:   layout_layer_cave, minmay_snake_entry_guardpost_small,
          lemuel_fruit_tree
Lair:3:   layout_loops_ring, swamp_mist, minmay_holes, serial_bayou_pond_b,
          cheibrodos_lair_caveside_slide, uniq_urug
Lair:4:   layout_roguey, lemuel_fruit_fields, grunt_megastairs_5, uniq_nessos
Lair:5:   layout_misc_corridors, basic_altar, beast_lair_carwin_8,
          lemuel_fruit_fields, grunt_megastairs_2
Lair:6:   grunt_lair_end_beastmaster, layout_gridlike,
          minmay_slime_entry_oklob_open, serial_bayou_shore_b,
          serial_bayou_shore_a
Swamp:1:  layout_basic_swamp, serial_swamp_ruin, evilmike_swamp_ruin_rubble_2,
          evilmike_swamp_ruin_house_3
Swamp:2:  layout_falls_marsh, evilmike_swamp_ruin_house_6,
          infiniplex_staircase_pool
Swamp:3:  layout_basic_swamp, evilmike_swamp_ruin_wall
Swamp:4:  swamp_basic_johnstein, layout_basic_swamp, gammafunk_ghost_mausoleum,
          swamp_pool1
Snake:1:  layout_layer_cave, drop_trap, uniq_frances
Orc:1:    layout_caves, portal_ice_cave_entry_pillars_2, basic_altar
Orc:2:    kennysheep_orc_mage_school, layout_caves, uniq_donald, uniq_azrael

Skill      XL: |  1  2  3  4  5  6  7  8  9 10 11 12 13 14 15 16 |
---------------+-------------------------------------------------+-----
Stealth        | 5 6 7 9 11 14 16 17 18 19 20 21 | 21.5
Hexes          | 4 5 6 7 8 9 10 12 13 | 13.1
Spellcasting   | 3 4 6 7 8 9 10 12 13 | 13.6
Short Blades   | 2 3 4 6 7 8 9 10 | 10.0
Ice Magic      | 1 2 |  2.0
Evocations     | 1 2 3 5 8 9 10 11 12 | 12.3
Fighting       | 1 3 4 5 6 7 9 10 | 10.0
Dodging        | 4 5 7 8 10 12 13 | 13.1
Translocations | 1 2 |  2.0
Shields        | 1 4 6 |  6.1
Transmutations | 4 5 |  5.5
Air Magic      | 2 |  2.5
Earth Magic    | 1 |  1.2
Armour         | 2 |  2.3

Action                   |  1- 3 |  4- 6 |  7- 9 | 10-12 | 13-15 | 16-18 || total
-------------------------+-------+-------+-------+-------+-------+-------++-------
Melee: Dagger            |    80 |    74 |   316 |   424 |   905 |   435 ||  2234
       Rapier            |       |    37 |       |       |       |       ||    37
       Headbutt          |       |       |       |       |     3 |       ||     3
       Kick              |       |       |       |       |    83 |   128 ||   211
 Fire: Hunting sling     |     4 |     4 |       |       |       |       ||     8
Throw: Stone             |     5 |    21 |       |       |       |       ||    26
       Boomerang         |    19 |    17 |       |       |       |       ||    36
       Dart              |       |     5 |    23 |    17 |    21 |    15 ||    81
 Cast: Corona            |    11 |       |       |       |       |       ||    11
       Ensorcelled Hiber |    41 |    65 |   114 |   102 |   241 |    68 ||   631
       Confusing Touch   |       |     7 |    30 |    35 |    97 |    34 ||   203
       Tukima's Dance    |       |     2 |     9 |     4 |    13 |     2 ||    30
       Dazzling Flash    |       |       |     1 |    18 |    32 |     4 ||    55
       Invisibility      |       |       |       |       |     5 |       ||     5
Invok: Curse Item        |       |     1 |     5 |       |     5 |     1 ||    12
Evoke: Wand              |       |       |     1 |       |    13 |    11 ||    25
       Lightning rod     |       |       |       |       |       |     4 ||     4
  Use: Potion            |     3 |       |     2 |       |     5 |     7 ||    17
       Scroll            |       |       |    17 |     1 |    22 |     4 ||    44
 Stab: Sleeping          |    30 |    44 |    69 |   103 |   155 |    31 ||   432
       Confused          |       |     5 |    18 |    21 |    77 |    24 ||   145
       Distracted        |       |     1 |     2 |     1 |     7 |     4 ||    15
       Invisible         |       |       |       |    17 |    54 |     5 ||    76
       Petrified         |       |       |       |       |     4 |       ||     4
Armor: Robe              |     4 |    13 |    28 |    27 |    48 |     4 ||   124
       Quicksilver drago |       |       |       |       |       |    42 ||    42
Dodge: Dodged            |    61 |    85 |   209 |   270 |   434 |   225 ||  1284
Block: Other             |       |       |    17 |    67 |    28 |       ||   112
       Reflection        |       |       |       |     8 |    24 |     5 ||    37
       Buckler           |       |       |       |       |   392 |   267 ||   659
